Map: Rifts to Korhal

Players

Kayyot

  • Race: Protoss Protoss
  • League: Silver
  • Spawn Location: 7:00

NamroodTuo

  • Race: Zerg Zerg

VOD

Have the link to the VOD?

Description

Time

  • Played on: March 23, 2023, 6:06 a.m.
  • Length: 28:07
Show
View Real Time Build Order
Export as new Build Order

Kayyot Protoss 

Build Orders:  

Get SALT Encoding   

  12  0:04  Probe (Chrono Boost)  
  13  0:26  Pylon  
  13  0:29  Probe (Chrono Boost)  
  14  0:49  Gateway  
  14  0:54  Probe (Chrono Boost)  
  15  1:08  Probe (Chrono Boost)  
  16  1:13  Pylon  
  16  1:21  Assimilator  
  16  1:26  Probe (Chrono Boost)  
  17  1:39  Forge  
  17  1:44  Probe (Chrono Boost)  
  18  1:58  Probe (Chrono Boost)  
  19  2:12  Probe (Chrono Boost), Zealot  
  22  2:26  Probe (Chrono Boost)  
  23  2:38  Cybernetics Core  
  23  2:44  Zealot  
  21  3:03  Unknown x2  
  21  3:36  Gateway  
  21  3:38  Gateway  
  21  3:53  Forge  
  21  4:00  Probe (Chrono Boost), Assimilator  
  22  4:14  Probe (Chrono Boost)  
  23  4:23  Protoss Ground Weapons Level 1  
  23  4:28  Probe (Chrono Boost)  
  24  4:42  Probe (Chrono Boost)  
  25  4:56  Probe (Chrono Boost), Zealot  
  25  4:57  Zealot  
  30  5:09  Probe (Chrono Boost)  
  31  5:26  Probe (Chrono Boost)  
  28  5:40  Probe (Chrono Boost)  
  28  5:41  Protoss Ground Armor Level 1  
  28  5:44  Protoss Air Weapons Level 1  
  29  6:14  Dragoon  
  31  6:35  Pylon  
  31  6:40  Pylon  
  31  6:44  Pylon  
  31  6:48  Pylon  
  31  6:52  Pylon  
  31  6:58  Pylon  
  31  7:03  Pylon  
  31  7:16  Zealot x3  
  37  7:28  Probe (Chrono Boost)  
  38  7:42  Probe (Chrono Boost)  
  39  7:54  Robotics Facility  
  39  7:56  Probe (Chrono Boost)  
  39  7:58  Twilight Council  
  40  8:10  Probe (Chrono Boost)  
  40  8:11  Stargate  
  41  8:24  Probe (Chrono Boost), Protoss Air Armor Level 1  
  41  8:29  Nexus  
  42  8:42  Pylon  
  42  8:46  Pylon  
  42  8:53  Unknown x2  
  42  8:54  Unknown x8  
  42  9:25  Photon Cannon  
  42  9:27  Photon Cannon  
  42  9:28  Photon Cannon  
  42  9:32  Photon Cannon  
  42  9:35  Photon Cannon  
  42  9:39  Probe (Chrono Boost)  
  43  9:53  Probe (Chrono Boost)  
  44  10:01  Pylon  
  44  10:07  Probe (Chrono Boost), Pylon  
  44  10:09  Probe (Chrono Boost)  
  46  10:20  Probe (Chrono Boost)  
  46  10:23  Probe (Chrono Boost)  
  46  10:26  Protoss Ground Weapons Level 2  
  48  10:34  Probe (Chrono Boost)  
  48  10:37  Probe (Chrono Boost), Protoss Ground Armor Level 2  
  50  10:51  Probe (Chrono Boost)  
  51  11:22  Phoenix  
  53  11:33  Immortal  
  57  11:57  Phoenix  
  59  12:10  Unknown x8  
  59  12:11  Unknown x2  
  51  12:32  Phoenix  
  51  13:05  Immortal  
  51  13:07  Phoenix  
  57  13:14  Probe (Chrono Boost)  
  58  13:27  Dragoon x2  
  58  13:28  Probe (Chrono Boost)  
  63  13:41  Probe (Chrono Boost)  
  63  13:42  Phoenix  
  63  13:47  Protoss Shields Level 1  
  66  13:55  Probe (Chrono Boost)  
  65  14:00  Immortal  
  65  14:09  Probe (Chrono Boost)  
  67  14:16  Phoenix  
  70  14:30  Dragoon x3  
  70  14:51  Phoenix  
  66  15:18  Zealot x2  
  66  15:19  Zealot  
  72  15:24  Immortal  
  76  15:58  Dragoon x3  
  82  16:19  Immortal  
  86  16:32  Dragoon x2  
  86  16:33  Dragoon  
  90  17:14  Observer  
  80  17:44  Observer  
  81  18:04  Dragoon x2  
  81  18:05  Dragoon  
  81  18:41  Phoenix  
  83  19:16  Phoenix  
  85  19:26  Assimilator  
  85  19:29  Probe (Chrono Boost)  
  86  19:32  Assimilator  
  86  19:43  Probe (Chrono Boost), Zealot x3  
  93  19:51  Phoenix  
  93  19:57  Probe (Chrono Boost)  
  96  20:10  Probe (Chrono Boost)  
  96  20:11  Gateway  
  96  20:13  Gateway  
  96  20:17  Gateway  
  97  20:20  Gateway  
  97  20:22  Gateway  
  97  20:24  Probe (Chrono Boost)  
  97  20:25  Gateway  
  98  21:04  Unknown x4  
  98  21:05  Unknown x6  
  96  21:37  Phoenix  
  98  21:45  Immortal  
  100  21:52  Zealot x4  
  100  21:53  Zealot x3  
  100  21:54  Zealot  
  100  21:55  Zealot  
  118  22:12  Phoenix  
  110  22:40  Immortal  
  110  22:42  Dragoon x2  
  110  22:43  Dragoon x2  
  110  22:44  Dragoon  
  110  22:47  Phoenix  
  118  23:21  Phoenix  
  112  23:56  Phoenix  
  114  24:31  Phoenix  
  116  24:50  Immortal  
  120  25:06  Unknown x4, Phoenix  
  120  25:07  Unknown x4  
  120  25:08  Unknown x2  
  110  25:41  Phoenix  
  110  25:43  Zealot  
  110  25:44  Zealot x2  
  110  25:45  Zealot x5, Observer  
  110  25:46  Zealot  
  115  26:15  Immortal  
  119  26:53  Dragoon x3  
  119  26:54  Dragoon x4  
Show
View Real Time Build Order
Export as new Build Order

NamroodTuo Zerg 

Build Orders:  

Get SALT Encoding   

  12  0:13  Overlord  
  12  0:18  Infested SCV  
  13  0:28  Infested SCV  
  14  0:32  Infested SCV  
  15  0:40  Infested SCV  
  16  0:55  Infested Barracks  
  16  0:59  Infested SCV  
  17  1:12  Infested SCV  
  18  1:21  Infested SCV  
  19  1:39  Infested SCV  
  20  1:53  Infested SCV  
  20  1:58  Infestation Level 1  
  21  2:03  Infested Refinery  
  21  2:06  Infested Refinery  
  21  2:09  Infested SCV  
  22  2:26  Overlord  
  22  2:36  Infested Marine  
  22  2:52  Infested Marine x3  
  22  2:53  Infested Marine x3  
  22  2:54  Infested Marine x3  
  31  3:38  Infested Barracks Tech Lab  
  31  3:44  Overlord  
  31  3:45  Overlord x3  
  31  3:46  Overlord  
  31  4:02  Anaerobic Enhancement  
  31  4:10  Infested SCV  
  36  4:22  Infested Bunker  
  27  4:40  Retinal Augmentation  
  27  4:48  Infested SCV x2  
  27  4:49  Infested Engineering Bay  
  29  4:50  Infested SCV  
  30  5:07  Infested Factory  
  30  5:11  Infested SCV  
  31  5:29  Infested Missile Turret  
  31  5:46  Infested SCV x2  
  33  5:58  Infested Missile Turret  
  33  6:12  Plagued Munitions  
  33  6:19  Infested SCV x2  
  35  6:26  Infested SCV  
  36  6:45  Infestation Level 2  
  36  7:26  Infested Armory  
  36  7:44  Infested Command Center  
  36  8:13  Regenerative Plating  
  36  8:39  Infested Barracks  
  36  8:45  Broodling Gestation  
  36  9:13  Stukov Infantry Weapons Level 1  
  36  9:29  Infested Bunker  
  40  9:34  Infested Bunker  
  40  9:36  Infested SCV  
  45  9:41  Infested SCV  
  46  10:10  Infested SCV x2  
  46  10:11  Infested SCV  
  46  10:12  Aggressive Incubation  
  49  10:23  Infested Missile Turret  
  49  10:41  Infested SCV x2  
  51  10:50  Overlord  
  51  10:51  Overlord x2  
  51  10:52  Infested SCV x2  
  53  11:27  Infested SCV x2  
  53  11:28  Infested SCV, Infested Bunker  
  60  11:50  Unknown  
  60  11:53  Stukov Infantry Armor Level 1  
  60  11:54  Infested Marine x2  
  60  11:55  Infested Marine x21  
  60  11:56  Infested Marine x8  
  95  12:21  Infested Bunker  
  95  12:22  Overlord x2  
  95  12:23  Infested SCV x2  
  97  12:31  Infested Refinery  
  97  12:38  Infested Missile Turret  
  95  12:41  Infested SCV  
  95  12:45  Overlord x2  
  69  13:13  Infested Bunker  
  69  13:17  Infested SCV x2  
  73  13:24  Overlord  
  73  13:25  Overlord x2  
  73  14:00  Infested Factory  
  73  14:01  Infested Factory Tech Lab  
  73  14:05  Infestation Level 3  
  73  14:33  Calcified Armor  
  77  14:42  Infested Bunker  
  81  15:10  Infested Marine  
  81  15:11  Infested Marine  
  81  15:12  Infested Marine x21  
  81  15:13  Infested Marine x3  
  106  15:30  Infested Bunker  
  106  15:33  Stukov Infantry Weapons Level 2  
  106  15:38  Infested Diamondback  
  106  15:39  Infested Diamondback x3  
  118  15:44  Saturated Cultures  
  114  16:44  Caustic Mucus  
  96  16:53  Infested Bunker  
  104  17:14  Infested Bunker  
  104  17:16  Infested Bunker  
  99  17:23  Infested Diamondback x3  
  99  17:24  Infested Diamondback  
  111  17:31  Overseer x4  
  111  17:32  Overseer  
  111  17:58  Infested Diamondback x2  
  117  18:31  Overlord x3  
  117  18:32  Infested Diamondback x2  
  123  18:49  Infested Diamondback x2  
  129  19:17  Infested Siege Tank  
  129  19:18  Infested Siege Tank x2  
  138  19:33  Infested Factory Tech Lab  
  138  19:52  Stukov Vehicle and Ship Armor Level 1  
  138  19:57  Stukov Infantry Armor Level 2  
  138  21:09  Infested Marine  
  136  21:10  Infested Marine x12  
  148  21:25  Infested Siege Tank  
  148  21:26  Infested Siege Tank x3  
  160  21:30  Overlord x3  
  160  21:31  Overlord x4  
  160  21:32  Overlord  
  160  21:45  Infested Bunker  
  168  21:54  Infested SCV  
  168  21:56  Infested Refinery  
  168  21:59  Infested Bunker  
  169  22:32  Stukov Vehicle and Ship Weapons Level 1  
  156  23:08  Infested Siege Tank x2  
  156  23:09  Infested Siege Tank x3  
  171  23:24  Infested SCV x2  
  171  23:25  Infested SCV  
  174  24:01  Infested Siege Tank  
  174  24:02  Infested Siege Tank x2  
  156  26:15  Infested Siege Tank x2  
  156  26:16  Infested Siege Tank x6  
  156  26:17  Infested Siege Tank  
  180  26:22  Infested Marine x4  
  180  26:23  Infested Marine x16  
Tags
 
Commander
ArtanisStukov
League
Silver
Matchup
Co-op
Replay Pack
Multiplayer
Add a new tag
Caveats
  • Supply blocks, unpowered buildings, or Contaminate may cause inaccurate times.
  • Supply counts are checked every 10 seconds.